 Dungeon Crawl Stone Soup version 0.28.0-53-g5a82cb258f (webtiles) character file.

Game seed: 11395657882176098749

18 Neuros91 the Grasshopper (level 2, 0/22 HPs)
             Began as a Human Warper on June 15, 2022.
             Slain by a dart slug (2 damage)
             ... on level 1 of the Dungeon.
             The game lasted 00:02:28 (600 turns).

Neuros91 the Grasshopper (Human Warper)              Turns: 600, Time: 00:02:29

Health: 0/22       AC:  3    Str: 11    XL:     2   Next: 90%
Magic:  5/5        EV: 11    Int: 13    God:
Gold:   32         SH:  0    Dex: 12    Spells: 5/5 levels left

rFire   . . .      SeeInvis .   a - +0 mace
rCold   . . .      Faith    .   (no shield)
rNeg    . . .      Spirit   .   b - +0 leather armour
rPois   .          Reflect  .   (no helmet)
rElec   .          Harm     .   (no cloak)
rCorr   .          Rampage  .   (no gloves)
Will    .....                   (no boots)
Stlth   +.........              (no amulet)
HPRegen 0.07/turn               (no ring)
MPRegen 0.09/turn               (no ring)

@: no status effects
A: no striking features
a: no special abilities


You were on level 1 of the Dungeon.
You visited 1 branch of the dungeon, and saw 1 of its levels.

You collected 32 gold pieces.

Inventory:

Hand Weapons
 a - a +0 mace (weapon)
Missiles
 d - 5 boomerangs of dispersal (quivered)
Armour
 b - a +0 leather armour (worn)
Scrolls
 c - a scroll of blinking


   Skills:
 + Level 2.2 Fighting
 + Level 2.2 Maces & Flails
 - Level 1.0 Throwing
 + Level 1.2 Armour
 + Level 2.2 Dodging
 + Level 2.1 Spellcasting
 + Level 3.1 Translocations


You had 5 spell levels left.
You didn't know any spells.
Your spell library contained the following spells:

 Spells                   Type           Power      Damage    Failure   Level
 Blink                    Tloc           18%        N/A       14%         2
 Gell's Gravitas          Tloc           9%         N/A       26%         3
 Lesser Beckoning         Tloc           9%         N/A       26%         3
 Teleport Other           Tloc           9%         N/A       26%         3
 Ensorcelled Hibernation  Hex/Ice        2%         N/A       45%         2
 Spider Form              Tmut/Pois      1%         N/A       69%         3
 Manifold Assault         Tloc           9%         N/A       94%         5
 Anguish                  Hex/Necr       0%         N/A       97%         4


Dungeon Overview and Level Annotations

Branches:
Dungeon (1/15)

Altars:


Message History

Found 18 gold pieces.
A bat comes into view.
A dart slug comes into view.
You see here 11 gold pieces.
You now have 32 gold pieces (gained 11).
There are monsters nearby!
There are monsters nearby!
The bat closely misses you. The bat barely misses you. x2
The dart slug launches a dart at you. The slug dart hits you.
The ball python hisses angrily.
You sock the bat!
You kill the bat!
The goblin hits you with a +0 club.
You hit the goblin but do no damage. The goblin hits you with a +0 club.
You barely miss the goblin. The goblin barely misses you.
You hit the goblin.
You kill the goblin!
The ball python closely misses you. The ball python barely misses you.
The ball python bites you. The ball python barely misses you.
You barely miss the ball python.
The ball python bites you but does no damage.
The ball python closely misses you.
You closely miss the ball python. The ball python bites you.
The ball python grabs you. The ball python constricts you.
The ball python bites you. The ball python constricts you.
The dart slug closely misses you.
You barely miss the ball python. The ball python bites you.
The ball python constricts you. The ball python bites you.
* * * LOW HITPOINT WARNING * * *
The ball python constricts you.
* * * LOW HITPOINT WARNING * * *
You sock the ball python!
You kill the ball python!
The dart slug launches a dart at you. The slug dart hits you.
* * * LOW HITPOINT WARNING * * *
Things that are here:
a +0 club; a goblin corpse; a bat corpse You hit the dart slug but do no damage.
The dart slug bites you.
You die...

.[..........##...#
#.#.#
###....†....######
#.# #.........#
#.........#
#.........#
#.........#
#.........#
#.........########
#........w@....$..
.................
#########........
#.[......
.........
.........
..####### ####


You could see a dart slug.

Vanquished Creatures
  A dart slug (D:1)
  A ball python (D:1)
  2 endoplasms (D:1)
  A giant cockroach (D:1)
  2 hobgoblins (D:1)
  A kobold (D:1)
  A bat (D:1)
  A frilled lizard (D:1)
  3 goblins (D:1)
  2 rats (D:1)
15 creatures vanquished.

Notes
Turn   | Place    | Note
-------+----------+-------------------------------------------
     0 | D:1      | Neuros91 the Human Warper began the quest for the Orb.
     0 | D:1      | Reached XP level 1. HP: 16/16 MP: 3/3
   241 | D:1      | Reached XP level 2. HP: 16/22 MP: 5/5
   432 | D:1      | Found a faded altar of an unknown god.
   600 | D:1      | Slain by a dart slug

Illustrated notes

Levels and vault maps discovered:
D:1:      saegor_arrival_simple_d, layout_basic,
          ebering_ecumenical_altar_sacrificial

Action                   || total
-------------------------++-------
Melee: Mace              ||    48
Armor: Leather armour    ||    13
Dodge: Dodged            ||    28
